[Event "ICC tourney 2517 (60 10)"]
[Site "Internet Chess Club"]
[Date "2021.04.18"]
[Round "6"]
[White "SLATER, DANIL:danilattack"]
[Black "GILLSTON, NOAH:Noahchess328"]
[Result "1-0"]
[ICCResult "Black resigns"]
[WhiteElo "1700"]
[BlackElo "1604"]
[Opening "QGD Slav: Breyer variation"]
[ECO "D11"]
[NIC "SL.01"]
[Time "16:32:43"]
[PlyCount "65"]
[TimeControl "3600+10"]

1. d4 d5 2. c4 c6 3. Nf3 Nf6 4. Nbd2 Bf5 5. Nh4 Bg4 6. Qc2 dxc4 7. Qxc4 Be6
8. Qc3 Bd7 9. e4 e6 10. Nhf3 Qb6 11. Bd3 Bb4 12. Qc2 Na6 13. O-O O-O-O 14.
a3 Be7 15. Nc4 Qc7 16. g3 c5 17. Bf4 Qc6 18. Nfe5 Qc7 19. Nxf7 Qc6 20.
Ncd6+ Bxd6 21. Nxd6+ Kb8 22. Bxa6 Qxa6 23. Nb5+ Kc8 24. Qxc5+ Bc6 25. Nxa7+
Kd7 26. Qd6+ Ke8 27. Qxe6+ Kf8 28. Bd6+ Rxd6 29. Qxd6+ Kf7 30. Nxc6 bxc6
31. Rac1 Rc8 32. e5 c5 33. Qxa6 { Black resigns } 1-0

[Event "ICC tourney 2517 (60 10)"]
[Site "Internet Chess Club"]
[Date "2021.04.18"]
[Round "6"]
[White "SLOAN, JED:RisingRook"]
[Black "NEMMALI, PRATEEK R:Priccchess"]
[Result "1-0"]
[ICCResult "Black resigns"]
[WhiteElo "1988"]
[BlackElo "1822"]
[Opening "Philidor: exchange variation"]
[ECO "C41"]
[NIC "KP.08"]
[Time "16:32:21"]
[PlyCount "43"]
[TimeControl "3600+10"]

1. e4 e5 2. Nf3 d6 3. d4 exd4 4. Nxd4 Nf6 5. Nc3 Be7 6. Be2 O-O 7. O-O Bd7
8. f4 Nc6 9. Be3 Nxd4 10. Bxd4 Bc6 11. Bd3 h6 12. Qe2 a6 13. Rad1 Nd7 14.
Kh1 Bf6 15. e5 Be7 16. e6 Nf6 17. exf7+ Kxf7 18. Bxf6 Bxf6 19. Bc4+ Kg6 20.
Qd3+ Kh5 21. Qf5+ g5 22. Be2+ { Black resigns } 1-0

[Event "ICC tourney 2517 (60 10)"]
[Site "Internet Chess Club"]
[Date "2021.04.18"]
[Round "6"]
[White "VIKAS, HEMA:madscience08"]
[Black "YU, SICHENG:CheddarCheng1"]
[Result "1-0"]
[ICCResult "Black resigns"]
[WhiteElo "1562"]
[BlackElo "1427"]
[Opening "Ruy Lopez: Anderssen variation"]
[ECO "C77"]
[NIC "RL.12"]
[Time "16:32:18"]
[PlyCount "95"]
[TimeControl "3600+10"]

1. e4 e5 2. Nf3 Nc6 3. Bb5 a6 4. Ba4 Nf6 5. d3 b5 6. Bb3 Be7 7. O-O O-O 8.
c3 d5 9. exd5 Nxd5 10. Re1 Bg4 11. c4 Ndb4 12. h3 Bh5 13. g4 Bg6 14. Nxe5
Nxe5 15. Rxe5 Bd6 16. Bg5 Qd7 17. Re3 h6 18. Bh4 Bc5 19. Rf3 Nxd3 20. Bc2
Ne5 21. Qxd7 Nxd7 22. Bxg6 fxg6 23. Rxf8+ Rxf8 24. cxb5 axb5 25. Nc3 c6 26.
Ne4 Bd4 27. Rd1 c5 28. Nxc5 Bxc5 29. Rxd7 g5 30. Bg3 Rf3 31. Kg2 Rf6 32.
Rd5 Rc6 33. Be5 Kf7 34. Rd3 Ra6 35. a3 g6 36. Rf3+ Ke7 37. Bg7 Bd6 38. Bf8+
Ke6 39. Bxh6 Bf4 40. h4 Ra4 41. hxg5 Bxg5 42. Bxg5 Rxg4+ 43. Rg3 Kf5 44.
Rxg4 Kxg4 45. Be7 Kf4 46. b3 g5 47. Bxg5+ Kxg5 48. a4 { Black resigns } 1-0

[Event "ICC tourney 2517 (60 10)"]
[Site "Internet Chess Club"]
[Date "2021.04.18"]
[Round "6"]
[White "Kulkarni, Tanush:TeeKay2020"]
[Black "JIANG, ANDY:anan193"]
[Result "1-0"]
[ICCResult "Black resigns"]
[WhiteElo "1732"]
[BlackElo "1618"]
[Opening "Sicilian: dragon, Yugoslav attack, Rauser variation"]
[ECO "B76"]
[NIC "SI.17"]
[Time "16:33:12"]
[PlyCount "85"]
[TimeControl "3600+10"]

1. e4 c5 2. Nf3 d6 3. d4 cxd4 4. Nxd4 Nf6 5. Nc3 g6 6. f3 Bg7 7. Be3 O-O 8.
Qd2 Nc6 9. O-O-O Bd7 10. h4 Nxd4 11. Bxd4 b5 12. h5 b4 13. Nd5 Be6 14.
Nxf6+ exf6 15. Kb1 a5 16. hxg6 fxg6 17. Be3 f5 18. Bd4 Qd7 19. Bxg7 Qxg7
20. Qxd6 Qf7 21. b3 a4 22. exf5 Qxf5 23. Bd3 Qf7 24. Rde1 Rfe8 25. Rxe6
Rxe6 26. Qxe6 Qxe6 27. Bc4 Qxc4 28. bxc4 Rc8 29. Rh4 Kg7 30. Kb2 Re8 31. c5
b3 32. axb3 axb3 33. Kxb3 Kf6 34. Rxh7 Ke5 35. c6 Kd6 36. c7 Rc8 37. Rg7
Rxc7 38. Rxc7 Kxc7 39. Kc4 Kd6 40. Kd4 g5 41. c4 Ke6 42. c5 Kf5 43. c6 {
Black resigns } 1-0

[Event "ICC tourney 2517 (60 10)"]
[Site "Internet Chess Club"]
[Date "2021.04.18"]
[Round "6"]
[White "Ho, Jasper:coolhacker1234"]
[Black "HUANG, KYLAN Z:KylanHuang"]
[Result "1-0"]
[ICCResult "Black resigns"]
[WhiteElo "1741"]
[BlackElo "1890"]
[Opening "QGD: Albin counter-gambit"]
[ECO "D08"]
[NIC "QG.02"]
[Time "16:32:17"]
[PlyCount "39"]
[TimeControl "3600+10"]

1. d4 d5 2. c4 e5 3. dxe5 d4 4. Nf3 Nc6 5. a3 Nge7 6. b4 Ng6 7. Bb2 a5 8.
b5 Ncxe5 9. Nxe5 Nxe5 10. Bxd4 Nxc4 11. e3 Be6 12. Qc2 Nd6 13. Bd3 Qd7 14.
a4 Nf5 15. Bc3 Be7 16. O-O O-O 17. e4 Nd4 18. Bxd4 Qxd4 19. Qc3 Rfc8 20.
Qxd4 { Black resigns } 1-0

[Event "ICC tourney 2517 (60 10)"]
[Site "Internet Chess Club"]
[Date "2021.04.18"]
[Round "6"]
[White "Shah, Jai K:nyclic"]
[Black "LUKOSE, JOYCE:IcePotato"]
[Result "1-0"]
[ICCResult "Black checkmated"]
[WhiteElo "1384"]
[BlackElo "1271"]
[Opening "French: King's Indian attack"]
[ECO "C00"]
[NIC "FR.02"]
[Time "16:32:41"]
[PlyCount "65"]
[TimeControl "3600+10"]

1. e4 e6 2. d3 Bc5 3. Nf3 d5 4. Nbd2 Nf6 5. g3 O-O 6. Bg2 d4 7. O-O Nbd7 8.
e5 Ng4 9. Re1 f6 10. exf6 Ngxf6 11. Rxe6 Nb6 12. Re1 Bg4 13. Ne4 Nxe4 14.
Rxe4 Qd7 15. Bf4 Rae8 16. Qe1 Nd5 17. Ne5 Qf5 18. Nxg4 Rxe4 19. Bxe4 Qxg4
20. Bxd5+ Kh8 21. Qd2 c6 22. Be4 Rf6 23. Be5 Re6 24. Bf4 Bd6 25. Bxd6 Rxd6
26. Qb4 Qd7 27. Re1 b6 28. Bf5 Qd8 29. Qxd6 Qg8 30. Re7 Qf8 31. Rc7 Kg8 32.
Be6+ Kh8 33. Qxf8# { Black checkmated } 1-0

[Event "ICC tourney 2517 (60 10)"]
[Site "Internet Chess Club"]
[Date "2021.04.18"]
[Round "6"]
[White "Xiao, Michael:michaelxiao"]
[Black "MERCHANT, PENELOPE:TweensGambit"]
[Result "1-0"]
[ICCResult "Black checkmated"]
[WhiteElo "1272"]
[BlackElo "1342"]
[Opening "Sicilian: Alapin's variation (2.c3)"]
[ECO "B22"]
[NIC "SI.47"]
[Time "16:32:25"]
[PlyCount "109"]
[TimeControl "3600+10"]

1. e4 c5 2. c3 Nf6 3. e5 Nd5 4. d4 cxd4 5. cxd4 e6 6. Nf3 Nc6 7. Nc3 Bb4 8.
Bd2 a6 9. Nxd5 Bxd2+ 10. Qxd2 exd5 11. Bd3 O-O 12. O-O d6 13. Qc2 Nb4 14.
Bxh7+ Kh8 15. Qb3 Kxh7 16. Qxb4 dxe5 17. Nxe5 f6 18. Nf3 Kg8 19. Rfe1 Bf5
20. Re7 b5 21. Rc1 Rf7 22. Rxf7 Kxf7 23. Rc5 Be4 24. Nd2 Rc8 25. h3 Rxc5
26. Qxc5 Bg6 27. Nf1 Qd7 28. Ne3 Be4 29. f3 Bg6 30. Qxd5+ Qe6 31. Kf2 Qxd5
32. Nxd5 Ke6 33. Nc7+ Kd6 34. Nxa6 Bd3 35. Nb4 Bc4 36. a3 Ke6 37. g4 Kd6
38. f4 Be6 39. Kf3 Bd5+ 40. Nxd5 Kxd5 41. Ke3 Kc4 42. g5 fxg5 43. fxg5 Kb3
44. d5 Kxb2 45. d6 Kc2 46. d7 Kb3 47. d8=Q Kxa3 48. Qa5+ Kb3 49. Qxb5+ Kc3
50. Qc5+ Kb3 51. Kd3 Ka4 52. Qb6 Ka3 53. Kc3 Ka2 54. Qb4 Ka1 55. Qb2# {
Black checkmated } 1-0

[Event "ICC tourney 2517 (60 10)"]
[Site "Internet Chess Club"]
[Date "2021.04.18"]
[Round "6"]
[White "YEE, AUSTEN:kleeno2"]
[Black "WANG, KEVIN:Deepbrainfinal"]
[Result "1-0"]
[ICCResult "Black resigns"]
[WhiteElo "894"]
[BlackElo "1431"]
[Opening "Queen's pawn game"]
[ECO "D02"]
[NIC "QP.08"]
[Time "16:32:28"]
[PlyCount "115"]
[TimeControl "3600+10"]

1. d4 d5 2. Nf3 e6 3. b3 Nf6 4. Bb2 c6 5. e3 Bb4+ 6. Nbd2 Nbd7 7. c3 Bd6 8.
Bd3 c5 9. c4 cxd4 10. exd4 O-O 11. O-O b6 12. Rc1 Ba6 13. Qc2 Rc8 14. Qb1
dxc4 15. Nxc4 Bxc4 16. Bxc4 Re8 17. Bd3 h6 18. Rxc8 Qxc8 19. Rc1 Qb8 20.
Bb5 Rd8 21. Qd3 Nf8 22. Qc3 Ng6 23. Ne5 Ne4 24. Qe3 Nxe5 25. dxe5 Bxe5 26.
Qxe4 Bxb2 27. Rc2 Be5 28. g3 Bf6 29. Kg2 Qd6 30. Qb7 Qd5+ 31. Qxd5 exd5 32.
Kf3 d4 33. Ke4 Bg5 34. f4 Bf6 35. Rc7 a6 36. Bxa6 Ra8 37. Rc8+ Rxc8 38.
Bxc8 Kf8 39. Ba6 Ke7 40. Kd5 Kd7 41. a4 Kc7 42. Bc4 g6 43. Ke4 g5 44. fxg5
hxg5 45. Bxf7 Kc6 46. b4 Be7 47. Kxd4 Bxb4 48. h4 gxh4 49. gxh4 b5 50. Be8+
Kb6 51. Bxb5 Ka5 52. h5 Bf8 53. Ke5 Bg7+ 54. Kf5 Bh6 55. Kg6 Bc1 56. h6 Bb2
57. h7 Ba1 58. Kf7 { Black resigns } 1-0

[Event "ICC tourney 2517 (60 10)"]
[Site "Internet Chess Club"]
[Date "2021.04.18"]
[Round "6"]
[White "KAUR, ARADH:pari538"]
[Black "DESAI, VED:Zuiopal"]
[Result "1/2-1/2"]
[ICCResult "Game drawn by repetition"]
[WhiteElo "1477"]
[BlackElo "1628"]
[Opening "Caro-Kann: exchange variation"]
[ECO "B13"]
[NIC "CK.02"]
[Time "16:32:44"]
[PlyCount "105"]
[TimeControl "3600+10"]

1. e4 c6 2. d4 d5 3. exd5 cxd5 4. Bd3 Nc6 5. c3 Nf6 6. h3 g6 7. Nf3 Bg7 8.
O-O O-O 9. Bf4 Bf5 10. Bxf5 gxf5 11. Re1 Ne4 12. Nbd2 e6 13. Nxe4 fxe4 14.
Nh2 f5 15. Nf1 Kh8 16. Ng3 Rg8 17. Nh5 Qe8 18. Re3 Qf7 19. Rg3 Bf6 20.
Rxg8+ Rxg8 21. Nxf6 Qxf6 22. b4 Qg6 23. Qf1 h5 24. Re1 Kh7 25. Re3 h4 26.
g3 hxg3 27. Rxg3 Qf7 28. Qg2 a6 29. Rxg8 Qxg8 30. Qxg8+ Kxg8 31. a4 b5 32.
a5 Kh7 33. Kg2 Kg6 34. f3 Ne7 35. Kf2 Kh5 36. Bg3 Ng6 37. f4 Nh4 38. Ke2
Nf3 39. Bf2 Nh4 40. Kf1 Nf3 41. Ke2 Nh4 42. Kf1 Ng6 43. Bg3 Ne7 44. Kf2 Nc8
45. Ke2 Nd6 46. Ke3 Nc4+ 47. Ke2 Nb2 48. Kd2 Nc4+ 49. Ke2 Na3 50. Kd2 Nb1+
51. Kc2 Na3+ 52. Kd2 Nc4+ 53. Ke2 { Game drawn by repetition } 1/2-1/2

[Event "ICC tourney 2517 (60 10)"]
[Site "Internet Chess Club"]
[Date "2021.04.18"]
[Round "6"]
[White "GILLMAN, JONES:JonesGill"]
[Black "BURTON, ERICA:EChessPlayer"]
[Result "1-0"]
[ICCResult "Black checkmated"]
[WhiteElo "1387"]
[BlackElo "1039"]
[Opening "Scotch gambit"]
[ECO "C44"]
[NIC "SO.06"]
[Time "16:32:40"]
[PlyCount "89"]
[TimeControl "3600+10"]

1. e4 e5 2. Nf3 Nc6 3. d4 exd4 4. Bc4 h6 5. Nxd4 Nf6 6. Nc3 Bb4 7. f3 O-O
8. Nxc6 dxc6 9. O-O a5 10. Be3 b5 11. Be2 Ba6 12. a3 Bd6 13. f4 b4 14. Bxa6
bxc3 15. Bb7 Rb8 16. Bxc6 cxb2 17. Rb1 Bxa3 18. Qe1 Qd6 19. Qc3 Qb4 20.
Qxb4 Rxb4 21. Bc5 Rc4 22. Bxa3 Rb8 23. Bd5 Rxc2 24. Rf2 Rc1+ 25. Rxc1
bxc1=Q+ 26. Bxc1 Rb1 27. Rf1 a4 28. Ba3 Rb6 29. Rc1 Ng4 30. Rxc7 Rf6 31. g3
Ne3 32. Ra7 Rb6 33. Bxf7+ Kh7 34. Ba2 Nd1 35. Rc7 Rb8 36. e5 Rd8 37. e6 Ne3
38. e7 Re8 39. Bf7 Rxe7 40. Rxe7 Nc2 41. Bb2 a3 42. Be5 Nb4 43. f5 Nc6 44.
Bg6+ Kg8 45. Re8# { Black checkmated } 1-0

[Event "ICC tourney 2517 (60 10)"]
[Site "Internet Chess Club"]
[Date "2021.04.18"]
[Round "6"]
[White "Krishna, Rohan:RohanKrishna"]
[Black "Chin, Spencer:Baseballchamp"]
[Result "0-1"]
[ICCResult "White checkmated"]
[WhiteElo "1702"]
[BlackElo "1913"]
[Opening "Sicilian: Kan, 5.Nc3"]
[ECO "B43"]
[NIC "SI.41"]
[Time "16:32:38"]
[PlyCount "106"]
[TimeControl "3600+10"]

1. e4 c5 2. Nf3 e6 3. d4 cxd4 4. Nxd4 a6 5. Nc3 Qc7 6. Bd3 Nf6 7. O-O Nc6
8. Nxc6 dxc6 9. f4 e5 10. h3 Bd6 11. fxe5 Bxe5 12. Be3 c5 13. Qf3 c4 14.
Be2 b5 15. Rab1 Bb7 16. Nd5 Nxd5 17. exd5 O-O 18. Rfd1 Rad8 19. c3 Rfe8 20.
Bg5 Qc5+ 21. Qf2 Qxf2+ 22. Kxf2 f6 23. Be3 Bxd5 24. Bb6 Rd6 25. Bc5 Rd7 26.
Rd2 Bf4 27. Rd4 Be3+ 28. Kf1 Bxd4 29. cxd4 Bxg2+ 30. Kf2 Be4 31. Rd1 f5 32.
Bf3 Bxf3 33. Kxf3 Rd5 34. Rd2 Re4 35. Bb6 g5 36. Rg2 h6 37. b3 cxb3 38.
axb3 Rdxd4 39. Bxd4 Rxd4 40. Ke3 Rb4 41. Rb2 a5 42. Kf2 a4 43. Kg3 Rxb3+
44. Rxb3 axb3 45. h4 b2 46. hxg5 hxg5 47. Kg2 b1=Q 48. Kg3 Qb3+ 49. Kg2 g4
50. Kf2 f4 51. Kg2 Qb2+ 52. Kg1 g3 53. Kf1 Qf2# { White checkmated } 0-1

[Event "ICC tourney 2517 (60 10)"]
[Site "Internet Chess Club"]
[Date "2021.04.18"]
[Round "6"]
[White "MURGESCU, ADI:Ososul"]
[Black "LESCHINSKY, GARY:GLeschinsky"]
[Result "1/2-1/2"]
[ICCResult "Game drawn by mutual agreement"]
[WhiteElo "2111"]
[BlackElo "2090"]
[Opening "Caro-Kann: advance variation"]
[ECO "B12"]
[NIC "CK.04"]
[Time "16:32:31"]
[PlyCount "85"]
[TimeControl "3600+10"]

1. e4 c6 2. d4 d5 3. e5 Bf5 4. Nf3 e6 5. Be2 Ne7 6. O-O h6 7. Nbd2 Bh7 8.
Nb3 Nd7 9. Bd2 Nf5 10. c4 Be7 11. Rc1 O-O 12. Bc3 Rc8 13. cxd5 cxd5 14. Qd2
Nb8 15. Bb4 Bxb4 16. Qxb4 Qe7 17. Qd2 b6 18. Rc3 Qb7 19. Rfc1 Ne7 20. Ne1
Rxc3 21. Rxc3 Rc8 22. f4 Rxc3 23. Qxc3 Qc6 24. Bd3 Bxd3 25. Nxd3 a5 26. Kf2
Kf8 27. g3 Na6 28. a3 Nc7 29. Qxc6 Nxc6 30. a4 Na6 31. Ke3 Nab4 32. Nxb4
Nxb4 33. Kd2 Ke7 34. Na1 Kd7 35. Nc2 Nxc2 36. Kxc2 Ke7 37. Kd3 f5 38. exf6+
gxf6 39. g4 f5 40. g5 Kf7 41. Ke3 Kg6 42. h4 h5 43. b3 { Game drawn by
mutual agreement } 1/2-1/2

[Event "ICC tourney 2517 (60 10)"]
[Site "Internet Chess Club"]
[Date "2021.04.18"]
[Round "6"]
[White "SRINIVASAN, ARJUN:ajedrez7"]
[Black "MERCHANT, AENEAS:Aeneas"]
[Result "1-0"]
[ICCResult "Black checkmated"]
[WhiteElo "1606"]
[BlackElo "1685"]
[Opening "Sicilian: closed"]
[ECO "B23"]
[NIC "SI.44"]
[Time "16:32:31"]
[PlyCount "143"]
[TimeControl "3600+10"]

1. e4 c5 2. Nc3 e6 3. g3 b6 4. Bg2 Bb7 5. Nge2 Nf6 6. d3 Nc6 7. O-O d6 8.
h3 Be7 9. Be3 O-O 10. Qd2 d5 11. exd5 exd5 12. d4 Qd7 13. dxc5 Bxc5 14. Bg5
d4 15. Bxf6 gxf6 16. Ne4 Qf5 17. Nf4 Be7 18. g4 Qe5 19. Nh5 Nb4 20. Qh6 f5
21. Nef6+ Bxf6 22. Nxf6+ Qxf6 23. Qxf6 Bxg2 24. Kxg2 fxg4 25. hxg4 Rae8 26.
Rae1 Nxc2 27. Rxe8 Rxe8 28. Rd1 Re6 29. Qd8+ Kg7 30. Rxd4 Nxd4 31. Qxd4+
Kg6 32. Kg3 h5 33. gxh5+ Kxh5 34. Qd7 Rg6+ 35. Kh2 Rf6 36. Kg1 a6 37. Qd1+
Kg5 38. Qe2 b5 39. Kg2 Kf5 40. b3 Re6 41. Qd3+ Kf6 42. a4 bxa4 43. bxa4 Ke7
44. a5 f6 45. f4 Rd6 46. Qc3 Ke6 47. Kf3 f5 48. Qe5+ Kd7 49. Qxf5+ Kc6 50.
Qe5 Rd5 51. Ke4 Rxe5+ 52. Kxe5 Kd7 53. Kd5 Ke7 54. Kc6 Ke6 55. Kb6 Kf5 56.
Kxa6 Kxf4 57. Kb7 Kg3 58. a6 Kf2 59. a7 Ke3 60. a8=Q Kd4 61. Qc8 Ke4 62.
Qd8 Ke5 63. Kc6 Kf4 64. Qe7 Kf5 65. Kd5 Kg4 66. Qf6 Kg3 67. Ke4 Kg4 68.
Qf5+ Kg3 69. Qf4+ Kh3 70. Qg5 Kh2 71. Kf3 Kh1 72. Qg2# { Black checkmated }
1-0

[Event "ICC tourney 2517 (60 10)"]
[Site "Internet Chess Club"]
[Date "2021.04.18"]
[Round "6"]
[White "POWERS, COLDEN REED:TheChessKid90"]
[Black "DINGLASAN, MATTHEW S:jedimastermatt"]
[Result "1-0"]
[ICCResult "Black checkmated"]
[WhiteElo "1820"]
[BlackElo "1547"]
[Opening "QGD Slav: 4.Nc3"]
[ECO "D15"]
[NIC "SL.03"]
[Time "16:32:47"]
[PlyCount "133"]
[TimeControl "3600+10"]

1. d4 d5 2. c4 c6 3. Nc3 Nf6 4. Nf3 Bf5 5. Bf4 Nbd7 6. e3 e6 7. a3 Be7 8.
Bd3 Bg6 9. O-O dxc4 10. Bxc4 Nb6 11. Bd3 Nbd5 12. Bg3 O-O 13. Rc1 Rc8 14.
Bxg6 hxg6 15. Qd3 Qd7 16. Ne5 Qd8 17. Na4 Nh5 18. Nc5 Bxc5 19. Rxc5 Nxg3
20. hxg3 Qe7 21. Rfc1 Rfd8 22. b4 Nb6 23. Qb3 Nd7 24. Nxd7 Qxd7 25. Qc4 Rc7
26. b5 Rdc8 27. a4 Qd6 28. e4 b6 29. Rxc6 Rxc6 30. bxc6 Rc7 31. d5 e5 32.
Rf1 f6 33. f4 Kf8 34. fxe5 Qxe5 35. Qb4+ Ke8 36. Rf3 Qa1+ 37. Kh2 Qc1 38.
g4 Qh6+ 39. Kg3 g5 40. Kf2 Qh4+ 41. Ke2 Qxg4 42. Ke3 Qxg2 43. Qd6 Qg1+ 44.
Ke2 Qg2+ 45. Ke3 Qg1+ 46. Rf2 Qe1+ 47. Re2 Qc3+ 48. Kf2 Qd4+ 49. Re3 Qe5
50. Qxe5+ fxe5 51. Rf3 Ke7 52. Rf5 Kd6 53. Rxg5 Rf7+ 54. Ke3 Rc7 55. Rg6+
Kc5 56. Re6 Rc8 57. Rxe5 Kd6 58. Re6+ Kc7 59. Re7+ Kd6 60. Rxg7 Rc7 61.
Rxc7 Kxc7 62. Kd4 Kd6 63. e5+ Ke7 64. d6+ Kd8 65. e6 Kc8 66. e7 Kb8 67.
e8=Q# { Black checkmated } 1-0

[Event "ICC tourney 2517 (60 10)"]
[Site "Internet Chess Club"]
[Date "2021.04.18"]
[Round "6"]
[White "LANCMAN, KALEB:kaleblancman"]
[Black "MYSORE, ABHINAV NAVEEN:Mapking1"]
[Result "0-1"]
[ICCResult "White resigns"]
[WhiteElo "1839"]
[BlackElo "1999"]
[Opening "Queen's pawn: London system"]
[ECO "A45"]
[NIC "QP.07"]
[Time "16:32:31"]
[PlyCount "54"]
[TimeControl "3600+10"]

1. d4 Nf6 2. Bf4 g6 3. Nc3 d5 4. e3 Bg7 5. h4 c5 6. dxc5 Qa5 7. Qd2 Qxc5 8.
Be2 Nc6 9. Nb5 e5 10. Bg5 O-O 11. Bxf6 Bxf6 12. h5 Bf5 13. g4 Bxg4 14. Bxg4
Qxb5 15. hxg6 hxg6 16. e4 Qxb2 17. Rd1 Nd4 18. Qh6 Rfd8 19. Rxd4 Qxd4 20.
Be6 Qxe4+ 21. Ne2 Bg7 22. Qh3 Re8 23. Qh7+ Kf8 24. f3 Qb4+ 25. c3 Qb1+ 26.
Kf2 Qb6+ 27. Nd4 Rxe6 { White resigns } 0-1

[Event "ICC tourney 2517 (60 10)"]
[Site "Internet Chess Club"]
[Date "2021.04.18"]
[Round "6"]
[White "SHERIF, SAMEER:SAsameer"]
[Black "KATSMAN, DAVID:davika21"]
[Result "0-1"]
[ICCResult "White resigns"]
[WhiteElo "1428"]
[BlackElo "1884"]
[Opening "Queen's bishop game"]
[ECO "D00"]
[NIC "QP.08"]
[Time "16:32:48"]
[PlyCount "72"]
[TimeControl "3600+10"]

1. d4 d5 2. Bf4 Nf6 3. Nf3 e6 4. e3 Be7 5. Bd3 c5 6. c3 O-O 7. Nbd2 Nbd7 8.
Ne5 Nxe5 9. dxe5 Nd7 10. h4 f5 11. Qf3 Qb6 12. Rb1 c4 13. Bc2 Nc5 14. g4
fxg4 15. Bxh7+ Kxh7 16. Qxg4 Nd3+ 17. Kf1 Nxf4 18. Rg1 g6 19. exf4 Rg8 20.
h5 g5 21. Nf3 Qd8 22. h6 gxf4 23. Qxf4 Rxg1+ 24. Kxg1 Qf8 25. Ng5+ Kg6 26.
Qxf8 Bxf8 27. h7 Bg7 28. f4 Bd7 29. Kf2 Bh6 30. Rh1 Rh8 31. Rxh6+ Kxh6 32.
Nf7+ Kxh7 33. Nxh8 Kxh8 34. Ke3 Kg7 35. Kd4 b6 36. b3 Bb5 { White resigns }
0-1

[Event "ICC tourney 2517 (60 10)"]
[Site "Internet Chess Club"]
[Date "2021.04.18"]
[Round "6"]
[White "Xiao, Marina:marinaxiao"]
[Black "Wen, Kally:kwen2008"]
[Result "0-1"]
[ICCResult "White resigns"]
[WhiteElo "1512"]
[BlackElo "1720"]
[Opening "Giuoco Piano"]
[ECO "C54"]
[NIC "IG.02"]
[Time "16:32:19"]
[PlyCount "124"]
[TimeControl "3600+10"]

1. e4 e5 2. Nf3 Nc6 3. Bc4 Bc5 4. c3 Nf6 5. d3 h6 6. a4 a6 7. O-O d6 8. h3
O-O 9. Re1 Bb6 10. Nbd2 Re8 11. Nf1 d5 12. exd5 Nxd5 13. Ng3 Nf6 14. Be3
Bxe3 15. Rxe3 Nd5 16. Re1 Nf4 17. Ne2 Qf6 18. Nxf4 Qxf4 19. Re4 Qf6 20. Re3
Bf5 21. Qe2 Re7 22. Re1 Rae8 23. Bd5 Qd6 24. Bxc6 Qxc6 25. Nxe5 Qxa4 26.
Qf3 Bc8 27. Nxf7 Rxe3 28. Rxe3 Rxe3 29. fxe3 Qe8 30. Qd5 Qxf7 31. Qd8+ Qf8
32. Qxc7 Qe8 33. Qc4+ Kh7 34. e4 Be6 35. Qc7 Qb5 36. Qe7 Bg8 37. Qb4 Qxb4
38. cxb4 Kg6 39. Kf2 Kf6 40. Ke3 Ke5 41. d4+ Kd6 42. Kf4 Bh7 43. e5+ Kd5
44. Ke3 g5 45. g3 Bf5 46. g4 Bg6 47. b3 b5 48. Kd2 Kxd4 49. e6 Ke5 50. e7
Ke6 51. Kc3 Kxe7 52. Kd4 Kd6 53. Ke3 Ke5 54. Kf3 Kd4 55. Ke2 Kc3 56. Kd1
Kxb4 57. h4 gxh4 58. Ke1 Kxb3 59. Kf1 a5 60. Kg1 a4 61. Kf2 a3 62. Ke2 a2 {
White resigns } 0-1

[Event "ICC tourney 2517 (60 10)"]
[Site "Internet Chess Club"]
[Date "2021.04.18"]
[Round "6"]
[White "Sheppard, Henry Saadi:henrysaadi"]
[Black "BAILEY, AIDEN:upcomingmaster"]
[Result "1/2-1/2"]
[ICCResult "Game drawn by mutual agreement"]
[WhiteElo "1388"]
[BlackElo "1549"]
[Opening "Benoni defense"]
[ECO "A60"]
[NIC "BI.38"]
[Time "16:32:34"]
[PlyCount "91"]
[TimeControl "3600+10"]

1. d4 Nf6 2. c4 c5 3. d5 e6 4. dxe6 fxe6 5. e3 Nc6 6. Bd3 g6 7. Nf3 Bg7 8.
Nc3 O-O 9. O-O d5 10. a3 a6 11. Na4 Qe7 12. Nb6 Rb8 13. Nxc8 Rbxc8 14. Qc2
Nd7 15. Bd2 Nde5 16. Nxe5 Nxe5 17. Be2 Nc6 18. Bc3 d4 19. Bd2 Rfd8 20. Rad1
Rc7 21. Bc1 Rcd7 22. Bd3 Rd6 23. e4 e5 24. Bd2 Rf8 25. b4 b6 26. b5 axb5
27. cxb5 Nd8 28. a4 Nb7 29. Bc4+ Kh8 30. Bd5 Rc8 31. Ra1 Na5 32. Bxa5 bxa5
33. Qd2 Qc7 34. Rfc1 Qd8 35. Bc6 Rdxc6 36. bxc6 Rxc6 37. h3 Bf6 38. Rc4 Qc7
39. Rb1 Rb6 40. Rbc1 Rc6 41. Qc2 Be7 42. Qd3 Rb6 43. Rb1 Qb8 44. Ra1 Rb3
45. Qd2 Qb6 46. Rac1 { Game drawn by mutual agreement } 1/2-1/2

[Event "ICC tourney 2517 (60 10)"]
[Site "Internet Chess Club"]
[Date "2021.04.18"]
[Round "6"]
[White "CHONG, JOSHUA ETHAN:Joshua1"]
[Black "GOLDSTEIN, ARAV MICAH:LoopyLoop"]
[Result "1-0"]
[ICCResult "Black checkmated"]
[WhiteElo "1847"]
[BlackElo "1649"]
[Opening "Nimzo-Indian: Kmoch variation"]
[ECO "E20"]
[NIC "NI.30"]
[Time "16:32:48"]
[PlyCount "107"]
[TimeControl "3600+10"]

1. d4 Nf6 2. c4 e6 3. Nc3 Bb4 4. f3 c5 5. d5 exd5 6. cxd5 d6 7. e4 Nbd7 8.
Ne2 a6 9. a4 O-O 10. Ng3 Ne5 11. Be2 Qe7 12. O-O Nfd7 13. Nf5 Qf6 14. h4
Nb6 15. Bg5 Nxf3+ 16. gxf3 Qe5 17. f4 Qe8 18. Nxd6 Qd7 19. Nxc8 Qxc8 20.
Bg4 Qc7 21. d6 Qc6 22. Be7 Rfe8 23. Nd5 Nc4 24. d7 Reb8 25. d8=Q+ Rxd8 26.
Bxd8 Qe8 27. Nc7 Qxe4 28. Nxa8 Ne3 29. Qf3 Qg6 30. Qxe3 Qxg4+ 31. Kh2 c4
32. Qe8+ Bf8 33. Rf2 f6 34. Qe3 Qxh4+ 35. Kg2 Qg4+ 36. Kf1 Qh4 37. Re1 Qh1+
38. Ke2 Qh5+ 39. Rf3 Qh2+ 40. Qf2 Qh5 41. Bb6 Qe8+ 42. Qe3 Qxa4 43. Bc5
Qc2+ 44. Kf1 Qh2 45. Bxf8 Qh1+ 46. Ke2 Qg2+ 47. Kd1 h6 48. Bxg7 Qxb2 49.
Qe8+ Kh7 50. Qh8+ Kg6 51. Qxh6+ Kf7 52. Qh5+ Kg8 53. Re8+ Kxg7 54. Rg3# {
Black checkmated } 1-0

[Event "ICC tourney 2517 (60 10)"]
[Site "Internet Chess Club"]
[Date "2021.04.18"]
[Round "6"]
[White "KIM, CHARLIE BEAR:charliekim"]
[Black "TAI, EMILY:ETfhonehome"]
[Result "1/2-1/2"]
[ICCResult "Game drawn by mutual agreement"]
[WhiteElo "1422"]
[BlackElo "1297"]
[Opening "Scandinavian defense"]
[ECO "B01"]
[NIC "SD.03"]
[Time "16:32:20"]
[PlyCount "79"]
[TimeControl "3600+10"]

1. e4 d5 2. exd5 Nf6 3. d4 Qxd5 4. Nc3 Qd6 5. Nf3 Bg4 6. Be3 e6 7. Be2 Nc6
8. Nb5 Qd7 9. O-O a6 10. Nc3 O-O-O 11. h3 Bh5 12. Ne5 Bxe2 13. Qxe2 Nxe5
14. dxe5 Nd5 15. Rad1 Nxc3 16. bxc3 Qe7 17. Rxd8+ Qxd8 18. Rd1 Qe8 19. Qf3
Be7 20. Rb1 c6 21. Rd1 f6 22. Qg4 Qf7 23. Qd4 Rd8 24. Qg4 Rxd1+ 25. Qxd1
fxe5 26. Bb6 Qf6 27. Qh5 Bd8 28. Qe8 Qe7 29. Qxd8+ Qxd8 30. Bxd8 Kxd8 31.
Kf1 Kd7 32. Ke2 Kd6 33. Kd2 c5 34. Kd3 b5 35. c4 g5 36. a3 h5 37. g3 g4 38.
h4 Kc6 39. Ke4 Kd6 40. Kd3 { Game drawn by mutual agreement } 1/2-1/2

[Event "ICC tourney 2517 (60 10)"]
[Site "Internet Chess Club"]
[Date "2021.04.18"]
[Round "6"]
[White "Gyorgy, Zalan:z88"]
[Black "Ananth, Ananya:Ananya22609"]
[Result "1/2-1/2"]
[ICCResult "Game drawn by mutual agreement"]
[WhiteElo "1418"]
[BlackElo "1637"]
[Opening "Sicilian: Prins (Moscow) variation"]
[ECO "B55"]
[NIC "SI.01"]
[Time "16:32:36"]
[PlyCount "54"]
[TimeControl "3600+10"]

1. e4 c5 2. Nf3 d6 3. d4 cxd4 4. Nxd4 Nf6 5. f3 a6 6. c4 e6 7. Nc3 Nbd7 8.
Be3 Be7 9. Be2 O-O 10. O-O Qc7 11. Qd2 b6 12. Rac1 Bb7 13. Rfe1 Rac8 14. b3
Rfd8 15. Bd3 Nc5 16. Bb1 Qb8 17. Bg5 Ncd7 18. Qc2 h6 19. Bh4 Nf8 20. f4 Qc7
21. Qd2 Ng6 22. Bg3 Qd7 23. Na4 Qc7 24. Nf3 Nd7 25. Qc2 Nc5 26. Nc3 Qd7 27.
Rcd1 Qc7 { Game drawn by mutual agreement } 1/2-1/2